 Dungeon Crawl Stone Soup version 0.31-a0-1317-gdfb52cbc09 (webtiles) character file.

Game seed: 6079227409197473405

18748 graki42 the Thaumaturge (level 12, -4/59 HPs)
             Began as a Deep Elf Conjurer on Dec 20, 2023.
             Was an Elder of Vehumet.
             Killed from afar by an electric eel (15 damage)
             ... with a bolt of electricity
             ... on level 2 of the Lair of Beasts.
             The game lasted 00:54:12 (12392 turns).

graki42 the Thaumaturge (Deep Elf Conjurer)        Turns: 12392, Time: 00:54:12

Health: -4/59      AC:  5    Str:  8    XL:     12   Next: 30%
Magic:  28/31      EV: 17    Int: 25    God:    Vehumet [****..]
Gold:   799        SH:  0    Dex: 13    Spells: 13/38 levels left

rFire   . . .        (no weapon)
rCold   . . .        (no shield)
rNeg    . . .        a - +0 robe
rPois   .            i - +1 helmet
rElec   .            (no cloak)
rCorr   .            f - +0 pair of gloves
SInv    .            (no boots)
Will    +....        B - amulet of magic regeneration
Stlth   ++           s - +5 ring of evasion
HPRegen 0.29/turn    y - ring of wizardry
MPRegen 0.62/turn

%: wizardry (x1)
@: no status effects
A: no striking features
a: Renounce Religion


You were on level 2 of the Lair of Beasts.
You worshipped Vehumet.
Vehumet was greatly pleased with you.
You visited 3 branches of the dungeon, and saw 13 of its levels.
You also visited: Bailey.

You collected 799 gold pieces.

Inventory:

Hand Weapons
 n - the +9 battleaxe of Wyrd {heavy, rC- rN++}
   (You took it off a gnoll in a bailey)

   rC-:       It makes you vulnerable to cold.
   rN++:      It greatly protects you from negative energy.
Armour
 a - a +0 robe (worn)
 f - a +0 pair of gloves (worn)
 i - a +1 helmet (worn)
Jewellery
 s - a +5 ring of evasion (left hand)
 w - a ring of protection from cold
 y - a ring of wizardry (right hand)
 z - an amulet of faith
 B - an amulet of magic regeneration (around neck)
 C - a ring of positive energy
Wands
 F - a wand of flame (9)
 I - a wand of polymorph (4)
 J - a wand of iceblast (1)
Scrolls
 c - 3 scrolls of amnesia
 d - a scroll of silence
 g - 3 scrolls of blinking
 h - 7 scrolls of teleportation
 k - a scroll of vulnerability {unknown}
 l - 4 scrolls of enchant armour
 p - 2 scrolls of poison
 u - a scroll of torment {unknown}
 v - 2 scrolls of immolation
 A - a scroll of fog {unknown}
 D - a scroll of enchant weapon {unknown}
 G - 4 scrolls of identify
 H - a scroll of fear {unknown}
Potions
 b - 2 potions of magic
 e - 5 potions of curing
 j - 2 potions of attraction
 m - a potion of lignification
 o - 11 potions of degeneration
 q - a potion of might
 r - a potion of enlightenment
 t - a potion of haste
 x - 4 potions of heal wounds
 E - a potion of resistance


   Skills:
 - Level 3.0 Dodging
 - Level 3.0 Stealth
 + Level 13.7 Spellcasting
 + Level 12.3 Conjurations
 + Level 7.4 Hexes
 - Level 9.0 Translocations
 + Level 6.1 Fire Magic
 - Level 9.0 Alchemy


You had 13 spell levels left.
You knew the following spells:

 Your Spells              Type           Power      Damage    Failure   Level
a - Magic Dart            Conj           100%       1d8       0%          1
b - Searing Ray           Conj           100%       2d8       0%          2
c - Fulminant Prism       Conj/Alch      31%        3d15      1%          4
d - Iskenderun's Mystic   Conj/Tloc      63%        2d13      1%          4
e - Discord               Hex            26%        N/A       98%         8
f - Starburst             Conj/Fire      29%        6d9       1%          6

Your spell library contained the following spells:

 Spells                   Type           Power      Damage    Failure   Level
 Spellforged Servitor     Conj/Summ      23%        N/A       21%         7
 Foxfire                  Conj/Fire      100%       2x1d9     1%          1
 Kiss of Death            Conj/Necr      100%       2d13      1%          1
 Shock                    Conj/Air       100%       1d9       1%          1
 Blink                    Tloc           100%       N/A       1%          2
 Cigotuvi's Dreadful Rot  Necr/Alch/Air  64%        N/A       1%          2
 Lesser Beckoning         Tloc           100%       N/A       1%          2
 Momentum Strike          Conj/Tloc      100%       3d10      1%          2
 Confusing Touch          Hex            53%        N/A       1%          3
 Summon Guardian Golem    Hex/Summ       35%        N/A       1%          3
 Ignite Poison            Fire/Alch      53%        N/A       1%          4
 Manifold Assault         Tloc           58%        N/A       1%          4
 Freezing Cloud           Conj/Ice/Air   18%        6-21      1%          5
 Vhi's Electric Charge    Tloc/Air       78%        N/A       2%          4
 Airstrike                Air            8%         2d(2-18)  3%          4
 Swiftness                Air            17%        N/A       4%          3
 Conjure Ball Lightning   Conj/Air       23%        3x3d6     4%          6
 Dispersal                Tloc           29%        N/A       5%          6
 Dispel Undead            Necr           17%        3d10      13%         4
 Plasma Beam              Fire/Air       16%        2x1d27    14%         6
 Disjunction              Tloc           29%        N/A       89%         8
 Maxwell's Capacitive Co  Air            8%         ∞         99%         8


Dungeon Overview and Level Annotations

Branches:
Dungeon (10/15)            Temple (1/1) D:5            Lair (2/5) D:9
  Swamp (0/4) Lair:2          Orc (0/2) D:9          Bailey (visited)
  Snake: Lair:2-3    Spider: Lair:2-3

Altars:
Ashenzari
Cheibriados
Dithmenos
Elyvilon
Fedhas
Gozag
Hepliaklqana
Kikubaaqudgha
Makhleb
Nemelex Xobeh
Okawaru
Qazlal
Ru
Sif Muna
Trog
Uskayaw
Vehumet
Wu Jian
Xom
Yredelemnul
Zin
The Shining One

Shops:
D:1 [   D:2 =   D:5 (


Message History

J - a wand of iceblast (1)
Found a stone staircase leading down.
Found an escape hatch in the floor.
An electric eel comes into view.
The electric eel moves out of view.
Found 20 gold pieces.
Found a staircase to the Swamp.
An electric eel comes into view.
There are monsters nearby! 2 electric eels come into view.
The electric eel shoots out a bolt of lightning at you!
The bolt of electricity hits the plant!
The plant begins to die.
The bolt of electricity hits you!
The electric eel shoots out a bolt of lightning at you!
The bolt of electricity hits the plant!
The bolt of electricity misses you.
The electric eel moves out of view.
Casting: Iskenderun's Mystic Blast (safe; 1% risk of failure)
Confirm with . or Enter, or press ? or * to list all spells.
Aiming: Fulminant Prism (safe; 1% risk of failure)
Press: ? - help, Dir - move target You conjure a prism of explosive energy!
A fulminant prism comes into view.
The electric eel shoots out a bolt of lightning at you!
The bolt of electricity hits your fulminant prism.
Your fulminant prism resists.
The bolt of electricity hits the plant!
The bolt of electricity hits you!
The electric eel shoots out a bolt of lightning at you!
The bolt of electricity hits the plant!
The bolt of electricity hits you!
The electric eel shoots out a bolt of lightning at you!
The bolt of electricity hits the plant!
The bolt of electricity hits you!
Your fulminant prism crackles loudly.
The electric eel shoots out a bolt of lightning at you!
The bolt of electricity hits the plant.
The bolt of electricity hits you.
The electric eel shoots out a bolt of lightning at you!
The bolt of electricity hits your fulminant prism.
Your fulminant prism resists.
The bolt of electricity hits the plant!
The bolt of electricity hits you!
* * * LOW HITPOINT WARNING * * *
The electric eel shoots out a bolt of lightning at you!
The bolt of electricity hits the plant!
The bolt of electricity hits you!
You die...

##..# #.#.P.#
#...# #......
##..# #.#....
##..# #......
####...# #.#....
###P.PP..# #
..#...#
.........#.####P
#..÷.
P##.............
. #....
.......@........
..+....
>......P..P§.###
......#
...........###
......#
.>......§..#
.......
#....~S*§§.#
.......
....~~§SS§.#
.......
....~~§§§.$.
..##...
#...§§§S~§..#
#### #


You could see 4 electric eels and a friendly fulminant prism.

Vanquished Creatures
  Erica (D:9)
  An orc high priest (Bailey)
  An orc knight (Bailey)
  A black mamba (Lair:1)
  Joseph (D:10)
  5 elephants (Lair:2)
  An unseen horror (D:10)
  3 cane toads (Lair:1)
  A kobold demonologist (Bailey)
  4 komodo dragons
  A troll (D:10)
  A hornet (D:7)
  14 blink frogs
  A shadow (D:10)
  A wraith (D:10)
  2 steam dragons
  3 wyverns
  17 yaks
  A basilisk (Lair:1)
  An acid dragon (D:10)
  2 water moccasins (Lair:1)
  14 orc warriors
  An ice beast (D:8)
  2 ogres
  2 bullfrogs
  2 kobold brigands (D:8)
  2 scorpions
  20 wights
  15 killer bees
  4 electric eels (Bailey)
  2 howler monkeys
  4 jellies
  2 gnoll boudas
  4 hounds
  9 orc priests
  4 iguanas
  4 sleepcaps
  18 orc wizards
  20 gnolls
  10 adders
  4 ufetubi
  2 worms
  6 dart slugs
  74 orcs
  8 ball pythons
  8 endoplasms
  4 giant cockroaches
  11 goblins
  9 hobgoblins
  14 kobolds
  5 quokkas
  10 bats
  7 frilled lizards
  10 rats
374 creatures vanquished.

Vanquished Creatures (others)
  A goblin (D:5)
  79 fulminant prisms
80 creatures vanquished.

Grand Total: 454 creatures vanquished

Notes
Turn   | Place    | Note
-------+----------+-------------------------------------------
     0 | D:1      | graki42 the Deep Elf Conjurer began the quest for the Orb.
     0 | D:1      | Reached XP level 1. HP: 10/10 MP: 6/6
   248 | D:1      | Reached XP level 2. HP: 15/15 MP: 0/8
   276 | D:1      | Learned a level 2 spell: Searing Ray
   900 | D:1      | Found Qocotzug's Armour Emporium.
   939 | D:1      | Reached XP level 3. HP: 19/19 MP: 2/10
  1330 | D:2      | Found Hevvyw's Jewellery Shoppe.
  1470 | D:2      | Reached skill level 4 in Spellcasting
  1470 | D:2      | Reached skill level 5 in Conjurations
  1614 | D:2      | Reached XP level 4. HP: 23/24 MP: 7/12
  1914 | D:2      | Found a faded altar of an unknown god.
  2185 | D:2      | Got the Vellum of the Maleficium and the Vector
  2218 | D:2      | Learned a level 4 spell: Fulminant Prism
  2223 | D:2      | Learned a level 4 spell: Iskenderun's Mystic Blast
  2649 | D:3      | Reached XP level 5. HP: 28/28 MP: 8/14
  2879 | D:3      | Reached skill level 5 in Spellcasting
  2919 | D:3      | Found a stormy altar of Qazlal.
  2962 | D:3      | Reached skill level 1 in Translocations
  2962 | D:3      | Reached skill level 1 in Alchemy
  3050 | D:3      | Found a bloodstained altar of Trog.
  3308 | D:4      | Reached XP level 6. HP: 15/32 MP: 8/16
  3954 | D:4      | Found a burning altar of Makhleb.
  3954 | D:4      | Noticed a balrug
  3977 | D:4      | Noticed an orange demon
  3977 | D:4      | Noticed a neqoxec
  4200 | D:5      | Entered Level 5 of the Dungeon
  4205 | D:5      | Found a staircase to the Ecumenical Temple.
  4218 | D:5      | Reached skill level 6 in Spellcasting
  4222 | Temple   | Entered the Ecumenical Temple
  4231 | Temple   | Became a worshipper of Vehumet
  4426 | D:5      | Reached XP level 7. HP: 33/36 MP: 13/18
  4765 | D:5      | Found a shimmering altar of Xom.
  5119 | D:5      | Reached skill level 7 in Spellcasting
  5151 | D:5      | Found a snail-covered altar of Cheibriados.
  5184 | D:5      | Reached XP level 8. HP: 37/41 MP: 12/20
  5365 | D:5      | Found Bony's Weapon Boutique.
  5576 | D:6      | Reached * piety under Vehumet
  5576 | D:6      | Offered knowledge of Foxfire by Vehumet.
  5917 | D:6      | Found an ancient bone altar of Kikubaaqudgha.
  6260 | D:6      | Reached skill level 5 in Translocations
  6260 | D:6      | Reached skill level 5 in Alchemy
  6264 | D:6      | Reached skill level 8 in Spellcasting
  6606 | D:7      | Noticed a hornet
  6622 | D:7      | Killed a hornet
  6623 | D:7      | Reached XP level 9. HP: 45/45 MP: 12/23
  6654 | D:7      | Got the Disquisition on the Sixfirhy and Geometries
  7130 | D:7      | Reached skill level 9 in Spellcasting
  7426 | D:8      | Reached ** piety under Vehumet
  7426 | D:8      | Offered knowledge of Sting by Vehumet.
  7551 | D:8      | Found a broken altar of Ashenzari.
  8072 | D:9      | Found a flagged portal.
  8078 | D:9      | Offered knowledge of Static Discharge by Vehumet.
  8110 | Bailey   | Entered a bailey
  8138 | Bailey   | Reached *** piety under Vehumet
  8169 | Bailey   | Reached skill level 10 in Spellcasting
  8179 | Bailey   | HP: 1/45 [electric eel/bolt of electricity (8)]
  8206 | Bailey   | Reached XP level 10. HP: 36/50 MP: 12/26
  8237 | Bailey   | Offered knowledge of Dazzling Flash by Vehumet.
  8361 | Bailey   | Noticed an orc high priest
  8372 | Bailey   | Killed an orc high priest
  8454 | Bailey   | Noticed an orc knight
  8464 | Bailey   | Killed an orc knight
  8514 | Bailey   | Identified the +0 ice dragon scales "Tujor" {rF- rC++
                  | Str+2}
  8523 | Bailey   | Found an iron altar of Okawaru.
  8527 | Bailey   | Identified the +9 battleaxe of Wyrd {heavy, rC- rN++}
  8544 | Bailey   | Reached skill level 10 in Conjurations
  8721 | D:9      | Reached skill level 11 in Spellcasting
  8752 | D:9      | Reached **** piety under Vehumet
  8807 | D:9      | Offered knowledge of Irradiate by Vehumet.
  8938 | D:9      | Noticed Erica
  8946 | D:9      | Killed Erica
  8982 | D:9      | Reached XP level 11. HP: 54/54 MP: 16/28
  9054 | D:9      | Found a staircase to the Orcish Mines.
  9136 | D:9      | Learned a level 8 spell: Discord
  9143 | D:9      | Learned a level 6 spell: Starburst
  9237 | D:9      | Found a glowing silver altar of Zin.
  9300 | D:9      | Reached ***** piety under Vehumet
  9300 | D:9      | Offered knowledge of Spellforged Servitor by Vehumet.
  9390 | D:9      | Found a staircase to the Lair.
  9601 | D:10     | Entered Level 10 of the Dungeon
  9615 | D:10     | Reached skill level 1 in Hexes
  9804 | D:10     | Reached skill level 1 in Fire Magic
 10351 | D:10     | Reached skill level 12 in Spellcasting
 10473 | D:10     | Found a glowing golden altar of the Shining One.
 10491 | D:10     | Noticed Joseph
 10502 | D:10     | Killed Joseph
 11060 | Lair:1   | Entered Level 1 of the Lair of Beasts
 11345 | Lair:1   | Reached skill level 5 in Hexes
 11659 | Lair:1   | Reached skill level 13 in Spellcasting
 11758 | Lair:1   | Reached skill level 5 in Fire Magic
 11997 | Lair:2   | Reached XP level 12. HP: 59/59 MP: 18/31
 12388 | Lair:2   | Found a staircase to the Swamp.
 12392 | Lair:2   | Killed from afar by an electric eel

Illustrated notes

Levels and vault maps discovered:
D:1:      matt_arrival_diagonals, layout_loops_ring, serial_shops,
          nicolae_shop_window_shopping
D:2:      minmay_razor_zed, layout_rooms, serial_shops, nicolae_diamond_shop,
          shapermc_ecumenical_altar_ellora
D:3:      layout_rooms, mainiacjoe_overflow_small_starburst, marbit_many_paths,
          st_stairs_11, kennysheep_generic_room_14
D:4:      layout_loops_ring, makhleb_altar_promises_db
D:5:      layout_rooms, dk_xom_monty_hall, mainiacjoe_overflow_paths,
          minmay_temple_entry_waves, serial_shops, nicolae_shop_tiny_waterfront
D:6:      layout_basic, mainiacjoe_overflow_tiny_flanked
D:7:      layout_gridville
D:8:      layout_rooms, ashenzari_conservatory_becter
D:9:      layout_loops_ring, kennysheep_mini, lair_entry_dummy,
          hiddenorc2_lemuel, enter_bailey_7, supply_closet_lemuel,
          minmay_strange_pillars, uniq_harold, uniq_erica
D:10:     layout_basic, tso_oasis_becter, uniq_joseph
Temple:   dshaligram_water_room_temple
Lair:1:   layout_roguey
Lair:2:   layout_chaotic_city, minmay_swamp_entry_eels, serial_bayou_shore_a,
          serial_bayou_shore_b

Skill      XL: |  1  2  3  4  5  6  7  8  9 10 11 12 |
---------------+-------------------------------------+-----
Stealth        | 3 |  3.0
Dodging        | 3 |  3.0
Spellcasting   | 4 5 6 7 8 10 11 13 | 13.7
Conjurations   | 5 6 7 8 9 10 11 12 | 12.3
Translocations | 2 4 5 7 8 9 |  9.0
Alchemy        | 2 4 5 7 9 |  9.0
Hexes          | 6 7 |  7.4
Fire Magic     | 5 6 |  6.1

Action                     |  1- 3 |  4- 6 |  7- 9 | 10-12 || total
---------------------------+-------+-------+-------+-------++-------
  Melee: Unarmed           |     1 |     1 |       |       ||     2
   Cast: Magic Dart        |    81 |    32 |    11 |    42 ||   166
         Searing Ray       |     1 |    35 |    79 |    29 ||   144
         Iskenderun's Myst |       |     4 |    15 |   111 ||   130
         Fulminant Prism   |       |     2 |    19 |    59 ||    80
         Starburst         |       |       |       |     6 ||     6
    Use: Potion            |       |     2 |     5 |       ||     7
         Scroll            |       |     2 |    10 |     1 ||    13
   Stab: Sleeping          |     1 |     1 |       |       ||     2
 Armour: Robe              |    17 |    17 |    30 |    55 ||   119
  Dodge: Dodged            |    15 |    24 |    44 |    35 ||   118

Table legend: (Time is in decaauts)
 A = Elapsed time spent in this place.
 B = Non-inter-level travel time spent in this place.
 C = Inter-level travel time spent in this place.
 D = Time resting spent in this place.
 E = Time spent auto-exploring this place.
 F = Levels seen in this place.
 G = Mean time per level.
                   A        B        C        D        E       F      G
               +--------+--------+--------+--------+--------+-----+--------+
         Total |  12387 |  12014 |    373 |   1558 |   8579 |  14 |  884.8 |
       Dungeon |  10194 |   9872 |    322 |    891 |   7598 |  10 | 1019.4 |
        Temple |    270 |    270 |      0 |    216 |      0 |   1 |  270.0 |
          Lair |   1332 |   1281 |     51 |    254 |    812 |   2 |  666.0 |
        Bailey |    589 |    589 |      0 |    197 |    169 |   1 |  589.0 |
               +--------+--------+--------+--------+--------+-----+--------+

Top non-repeatable levels by time:
    D:10: 1425 daAuts
     D:2: 1291 daAuts
     D:5: 1049 daAuts
     D:1: 1049 daAuts
     D:6: 1031 daAuts
     D:3: 1018 daAuts
     D:9: 997 daAuts
  Lair:1: 974 daAuts
     D:4: 840 daAuts
     D:7: 839 daAuts
     D:8: 652 daAuts
  Bailey: 589 daAuts
  Lair:2: 358 daAuts
  Temple: 270 daAuts
